Map: Doraelus Hills

Players

Rudingo - Winner!

  • Race: Zerg Zerg
  • Spawn Location: 0:00

Amix - Winner!

  • Race: Zerg Zerg
  • Spawn Location: 1:00

Johnny - Winner!

  • Race: Terran Terran
  • Spawn Location: 12:00

A.I. 3 (Medium)

  • Race: Zerg Zerg
  • Spawn Location: 7:00

A.I. 4 (Elite)

  • Race: Zerg Zerg
  • Spawn Location: 6:00

A.I. 5 (Hard)

  • Race: Terran Terran
  • Spawn Location: 0:00

VOD

Have the link to the VOD?

Description

Time

  • Played on: Nov. 25, 2016, 5:31 p.m.
  • Length: 17:49
Show
View Real Time Build Order
Export as new Build Order

Rudingo Zerg - Winner!

Build Orders: Hatch First 

Get SALT Encoding   

  12  0:03  Drone  
  13  0:20  Drone  
  14  0:23  Overlord  
  14  0:56  Drone x3  
  17  1:11  Hatchery  
  16  1:26  Spawning Pool  
  16  1:28  Drone x2, Extractor  
  16  1:31  Overlord  
  16  2:02  Drone x2  
  18  2:12  Drone  
  18  2:14  Zergling x2  
  20  2:16  Queen  
  22  2:24  Drone  
  22  2:28  Drone  
  24  2:54  Zergling x2  
  24  2:55  Spine Crawler, Zergling x2  
  25  3:03  Zergling x2  
  26  3:06  Drone x3  
  29  3:13  Extractor  
  29  3:17  Evolution Chamber  
  27  3:27  Overlord  
  27  3:29  Zergling x2  
  27  3:33  Drone x2  
  30  3:38  Extractor  
  29  3:41  Zergling x6  
  29  3:42  Zergling x2  
  22  4:12  Zergling x4  
  24  4:26  Zergling x6  
  26  4:43  Zergling x2  
  26  4:44  Zergling x4  
  26  4:45  Queen  
  28  4:50  Drone x2  
  32  5:03  Burrow  
  32  5:04  Drone  
  33  5:16  Drone x2  
  33  5:21  Queen  
  35  5:23  Drone  
  32  5:55  Zergling x2  
  32  5:56  Zergling x4  
  35  6:01  Lair  
  35  6:05  Zergling x6  
  35  6:08  Drone x3  
  41  6:15  Extractor  
  40  6:34  Zerg Melee Weapons Level 1  
  40  6:57  Zergling x6  
  43  7:16  Hydralisk Den  
  43  7:20  Drone x2  
  43  7:22  Roach Warren  
  43  7:25  Drone  
  43  7:28  Overlord x2  
  35  8:19  Spine Crawler  
  34  8:22  Spine Crawler  
  33  8:27  Hydralisk x3  
  33  8:31  Drone x2  
  33  8:32  Drone  
  42  8:53  Hydralisk x2  
  46  9:10  Drone  
  47  9:19  Zerg Missile Weapons Level 1  
  47  9:23  Hydralisk x2  
  51  9:37  Metabolic Boost  
  51  9:38  Spore Crawler  
  50  9:39  Spore Crawler  
  50  9:45  Spore Crawler  
  48  9:53  Roach x2  
  48  9:54  Roach  
  48  9:55  Spine Crawler  
  48  9:58  Spore Crawler  
  52  10:02  Spine Crawler  
  52  10:06  Spine Crawler  
  50  10:07  Drone  
  50  10:09  Spore Crawler  
  50  10:52  Hydralisk  
  50  10:54  Overlord x3  
  50  10:55  Overlord x2  
  52  11:02  Drone  
  52  11:03  Drone x2  
  43  11:13  Zerg Ground Armor Level 1  
  41  11:26  Zergling x4  
  43  11:48  Hydralisk x3  
  43  11:49  Hydralisk  
  51  11:57  Zergling x2  
  51  11:58  Zergling x4  
  54  12:30  Grooved Spines  
  54  12:32  Hydralisk x5  
  54  12:33  Hydralisk  
  66  13:11  Hydralisk  
  66  13:12  Hydralisk x4  
  72  13:13  Hydralisk  
  72  13:17  Zergling x6  
  81  13:32  Spire  
  80  13:36  Infestation Pit  
  79  13:49  Spore Crawler  
  78  14:03  Hatchery  
  37  14:35  Hydralisk  
  37  14:36  Hydralisk x2  
  35  14:41  Roach x6  
  47  15:18  Lair  
  47  15:24  Mutalisk x3  
  47  15:25  Mutalisk x3  
  47  15:28  Mutalisk x4  
  59  15:29  Mutalisk x2  
  71  15:40  Drone x3  
  74  15:56  Mutalisk  
  74  15:57  Mutalisk  
  78  16:13  Extractor  
  78  16:17  Extractor  
  76  16:24  Spine Crawler  
  75  16:27  Spine Crawler  
  75  16:30  Spore Crawler  
  73  16:33  Drone  
  73  16:34  Drone x2  
  76  16:40  Mutalisk x3  
  76  16:43  Mutalisk x2  
  76  16:44  Mutalisk x4  
  94  17:29  Overlord  
  98  17:30  Overlord x2  
Show
View Real Time Build Order
Export as new Build Order

Amix Zerg - Winner!

Build Orders: Hatch First 

Get SALT Encoding   

  12  0:03  Drone  
  13  0:10  Drone  
  14  0:16  Overlord  
  14  0:23  Drone, Extractor  
  15  0:35  Drone  
  16  0:36  Drone  
  17  0:55  Hatchery  
  16  1:00  Drone, Extractor  
  16  1:01  Drone  
  17  1:18  Spawning Pool  
  16  1:21  Drone  
  16  1:23  Drone  
  18  1:36  Drone  
  19  1:41  Drone  
  20  1:51  Drone  
  21  2:01  Drone  
  21  2:06  Queen  
  21  2:07  Queen  
  26  2:09  Overlord  
  26  2:19  Drone x2  
  28  2:25  Roach Warren  
  28  2:27  Extractor  
  28  2:29  Drone  
  27  2:34  Drone  
  28  2:40  Drone  
  28  2:41  Drone  
  30  2:47  Drone  
  31  2:56  Drone  
  32  3:00  Drone  
  32  3:05  Drone  
  34  3:06  Drone  
  35  3:14  Overlord  
  35  3:19  Drone  
  36  3:23  Drone, Extractor  
  36  3:24  Drone, Extractor  
  38  3:31  Overlord x2  
  38  3:32  Drone x2  
  38  3:33  Drone  
  41  3:37  Lair  
  41  3:39  Roach  
  43  3:58  Roach x4  
  51  4:03  Queen  
  51  4:08  Roach x2  
  51  4:09  Roach  
  57  4:44  Burrow  
  57  4:47  Roach  
  57  4:48  Overlord x4  
  57  4:51  Glial Reconstitution  
  59  5:03  Drone x3, Evolution Chamber x2, Extractor  
  59  5:04  Drone  
  60  5:12  Roach x3  
  60  5:52  Roach x2  
  60  5:53  Roach x8  
  60  5:54  Overlord x2  
  80  5:59  Zerg Missile Weapons Level 1  
  80  6:00  Zerg Ground Armor Level 1  
  80  6:02  Roach  
  82  6:15  Hatchery  
  81  6:19  Roach x3  
  81  6:25  Hatchery  
  86  6:36  Roach x7  
  86  6:37  Roach, Queen  
  86  6:38  Queen  
  106  6:56  Ravager  
  106  6:57  Ravager  
  108  7:02  Overlord x5  
  108  7:07  Extractor  
  107  7:13  Extractor  
  107  7:15  Drone x2  
  108  7:17  Extractor  
  107  7:28  Drone  
  107  7:29  Drone x9  
  117  7:37  Drone  
  117  7:42  Roach x2  
  117  7:43  Roach  
  124  7:46  Ravager  
  124  7:47  Ravager x2  
  127  7:51  Ravager  
  127  7:56  Drone  
  127  7:57  Drone x8  
  137  8:19  Infestation Pit  
  136  8:20  Drone x6  
  136  8:21  Drone  
  136  8:22  Overlord x5  
  143  8:32  Roach x4  
  151  8:34  Zerg Missile Weapons Level 2  
  151  8:39  Tunneling Claws  
  151  8:40  Hydralisk Den  
  144  8:48  Drone  
  144  8:49  Drone x2  
  147  9:13  Pneumatized Carapace  
  147  9:14  Hydralisk x4  
  147  9:15  Hydralisk x6  
  147  9:16  Hydralisk  
  169  9:23  Grooved Spines  
  156  9:51  Hydralisk x9  
  174  9:54  Zergling x12  
  180  10:02  Ravager  
  180  10:03  Ravager  
  180  10:04  Ravager  
  183  10:18  Roach x4  
  183  10:19  Roach x4  
  199  11:06  Muscular Augments  
  104  14:09  Roach x7  
  128  14:10  Roach x5  
  124  14:43  Drone, Hydralisk x4  
  124  14:44  Hydralisk x7  
  123  15:17  Roach x5  
  123  15:18  Roach x5  
  143  15:28  Drone x3  
  146  15:33  Zerg Ground Armor Level 2  
  146  15:36  Hive  
  146  15:41  Hatchery  
  145  15:46  Hatchery  
  144  15:59  Roach x2  
  144  16:00  Roach x7  
  144  16:01  Roach x2  
  166  16:09  Roach  
  168  16:23  Hydralisk x7  
  168  16:24  Hydralisk  
Show
View Real Time Build Order
Export as new Build Order

Johnny Terran - Winner!

Build Orders:  

Get SALT Encoding   

  12  0:33  SCV  
  13  0:40  Supply Depot  
  13  0:43  Refinery  
  13  0:45  SCV  
  14  0:57  SCV  
  15  1:06  Barracks  
  15  1:09  SCV  
  16  1:15  Refinery  
  16  1:21  SCV  
  17  1:33  SCV  
  18  1:43  Command Center  
  18  1:46  SCV  
  19  1:54  Supply Depot  
  19  2:09  Orbital Command  
  19  2:14  Barracks Tech Lab  
  19  2:27  Factory  
  19  2:35  Marine  
  20  2:52  SCV  
  20  2:53  Marine  
  20  2:58  Orbital Command  
  22  3:04  SCV  
  23  3:11  Marine  
  24  3:14  Factory Tech Lab, Starport  
  24  3:25  SCV  
  25  3:29  SCV  
  26  3:36  Marine, Supply Depot  
  26  3:37  SCV  
  28  3:45  SCV  
  29  3:49  Refinery  
  28  3:57  SCV  
  28  3:58  Siege Tank  
  32  4:09  Starport Tech Lab  
  32  4:15  Fusion Core  
  29  4:19  Supply Depot  
  29  4:24  Marine  
  30  4:42  Marine  
  31  4:47  Supply Depot  
  31  4:56  SCV  
  32  5:02  Refinery  
  38  5:07  Battlecruiser  
  38  5:09  SCV  
  39  5:14  Supply Depot  
  39  5:17  Armory  
  35  5:47  Siege Tank  
  35  5:48  Marine  
  39  5:54  Supply Depot  
  39  6:06  Marine, SCV  
  41  6:18  SCV  
  42  6:21  Supply Depot  
  42  6:23  Marine  
  49  6:30  Battlecruiser, SCV  
  49  6:31  Siege Tank  
  53  6:38  Terran Ship Weapons Level 1  
  53  6:41  Marine  
  54  6:59  Marine  
  55  7:06  Supply Depot  
  55  7:14  SCV  
  56  7:16  Command Center  
  56  7:27  SCV  
  57  7:34  Siege Tank  
  57  7:36  Marine  
  61  7:39  SCV  
  62  7:46  Supply Depot  
  62  7:51  SCV  
  63  7:53  Marine  
  64  7:59  Refinery  
  64  8:03  SCV  
  65  8:11  Marine  
  66  8:15  SCV  
  66  8:17  Supply Depot  
  73  8:20  Battlecruiser  
  73  8:27  SCV  
  73  8:29  Marine  
  75  8:34  Refinery  
  65  8:52  Supply Depot, Siege Tank  
  68  9:00  SCV  
  69  9:05  SCV  
  70  9:13  SCV  
  70  9:16  SCV  
  72  9:17  SCV  
  79  9:24  Battlecruiser, Siege Tank  
  79  9:25  SCV  
  79  9:28  SCV  
  79  9:44  Weapon Refit  
  79  9:56  Thor  
  85  10:06  Supply Depot, Terran Ship Weapons Level 2  
  85  10:28  Battlecruiser  
  85  10:39  Thor  
  85  10:42  Supply Depot  
  79  11:32  Raven  
  81  12:22  Terran Vehicle Weapons Level 1  
  81  12:34  Battlecruiser  
  81  12:57  Thor  
  79  13:27  Marine  
  79  13:29  Starport  
  80  13:38  Battlecruiser  
  80  13:40  Thor  
  92  13:45  Marine  
  93  14:02  Marine  
  94  14:15  Starport Tech Lab  
  94  14:16  Terran Vehicle And Ship Armor Level 1  
  94  14:20  Marine  
  94  14:22  Thor  
  100  14:38  Marine  
  100  14:42  Battlecruiser  
  99  15:05  Thor  
  97  15:47  Battlecruiser  
  97  15:48  Thor  
Show
View Real Time Build Order
Export as new Build Order

A.I. 3 (Medium) Zerg 

Build Orders: Pool First 

Get SALT Encoding   

  12  0:01  Drone  
  13  0:12  Overlord  
  13  0:17  Drone  
  14  0:30  Drone  
  14  0:33  Drone  
  16  0:42  Spawning Pool  
  15  0:44  Drone  
  15  0:48  Drone  
  17  0:51  Extractor  
  17  0:55  Drone  
  17  1:06  Overlord  
  17  1:31  Queen, Zergling x2  
  20  1:33  Roach Warren  
  20  1:34  Zergling x2  
  20  1:38  Drone  
  20  1:39  Extractor  
  20  1:44  Baneling Nest  
  19  1:49  Drone  
  20  2:00  Drone  
  21  2:10  Zergling x2  
  22  2:21  Zergling x2  
  23  2:28  Baneling x2  
  23  2:31  Overlord  
  23  2:38  Drone, Zergling x2  
  23  2:41  Zergling x2  
  26  2:45  Zergling x2  
  27  2:52  Baneling  
  27  2:54  Zergling x2  
  27  2:58  Baneling  
  28  3:05  Zergling x2  
  29  3:08  Evolution Chamber  
  29  3:10  Drone, Zergling x2  
  30  3:13  Drone  
  30  3:16  Drone  
  32  3:27  Overlord  
  32  3:38  Drone  
  33  3:43  Drone  
  33  3:46  Drone  
  35  3:49  Drone  
  36  5:06  Drone, Roach, Overlord  
  39  5:07  Lair  
  39  5:09  Drone, Spore Crawler  
  39  5:11  Spore Crawler  
  39  5:12  Drone  
  39  5:15  Drone  
  39  5:17  Roach  
  42  5:25  Overlord  
  42  5:27  Hatchery  
  35  5:29  Roach  
  33  5:40  Roach  
  35  5:49  Drone  
  36  5:50  Roach  
  38  5:59  Spine Crawler  
  38  6:01  Zergling x2  
  38  6:05  Overseer x2  
  38  6:06  Drone, Spine Crawler  
  38  6:08  Hydralisk Den  
  38  6:09  Drone  
  38  6:18  Queen  
  40  6:28  Infestation Pit  
  40  6:29  Drone  
  40  6:37  Hydralisk  
  40  6:39  Drone  
  43  6:42  Drone  
  43  6:45  Drone  
  45  6:48  Drone, Hydralisk  
  45  6:51  Spore Crawler  
  45  6:52  Drone  
  48  6:57  Drone  
  48  6:59  Hydralisk  
  48  7:00  Drone  
  52  7:03  Drone  
  52  7:05  Drone  
  54  7:11  Drone  
  54  7:13  Hydralisk, Spore Crawler  
  56  7:19  Queen  
  56  7:22  Drone  
  59  7:25  Drone  
  59  7:26  Overlord  
  59  7:28  Drone  
  61  7:31  Drone  
  61  7:34  Drone  
  63  7:37  Drone  
  63  7:40  Spine Crawler  
  63  7:43  Drone  
  64  7:47  Spine Crawler  
  64  7:48  Drone  
  64  7:53  Drone  
  64  7:55  Drone  
  66  7:58  Drone  
  66  8:00  Overlord  
  66  8:01  Drone  
  66  8:04  Drone  
  69  8:09  Spire  
  69  8:11  Drone  
  69  8:12  Evolution Chamber  
  68  8:14  Drone  
  69  9:01  Extractor  
  68  9:04  Extractor  
  67  9:12  Zergling x2  
  67  9:13  Pneumatized Carapace  
  67  9:14  Overlord  
  67  9:15  Overseer  
  67  9:16  Zergling x2  
  69  9:17  Zerg Ground Armor Level 1, Zerg Melee Weapons Level 1  
  69  9:21  Baneling, Mutalisk  
  71  9:25  Mutalisk  
  71  9:30  Zergling x2  
  74  9:33  Drone, Overlord  
  74  9:35  Zergling x2  
  74  9:36  Drone  
  77  9:39  Zergling x2  
  77  9:44  Baneling  
  78  9:46  Baneling, Mutalisk  
  78  9:49  Overseer  
  78  9:51  Mutalisk  
  82  9:53  Overlord  
  82  9:56  Mutalisk  
  82  9:58  Metabolic Boost, Hive  
  84  10:02  Zergling x2  
  84  10:06  Baneling  
  86  10:07  Zergling x2  
  86  10:11  Mutalisk  
  86  10:12  Centrifical Hooks, Overlord  
  88  10:15  Hatchery  
  79  10:22  Burrow  
  69  11:09  Viper  
  72  11:11  Zerg Missile Weapons Level 1  
  72  11:13  Ultralisk Cavern  
  72  11:14  Greater Spire  
  72  11:17  Hydralisk  
  73  11:24  Hydralisk  
  76  11:32  Roach  
  76  11:36  Queen  
  76  11:37  Queen  
  76  11:38  Spine Crawler  
  76  11:39  Hydralisk  
  74  11:45  Overseer  
  65  11:47  Roach  
  65  11:52  Zergling x2  
  65  11:53  Drone  
  47  11:56  Drone  
  47  11:57  Zergling x2  
  48  12:01  Zergling x2  
  48  12:05  Drone  
  48  12:06  Extractor, Zergling x2  
  48  12:08  Drone  
  44  12:10  Zergling x2  
  44  12:11  Drone  
  44  12:14  Drone, Spore Crawler  
  44  12:15  Mutalisk  
  48  12:17  Drone  
  48  12:21  Drone, Hatchery  
  48  12:22  Baneling  
  47  12:23  Zergling x2  
  47  12:26  Overseer  
  47  12:27  Zergling x2  
  48  12:32  Baneling  
  48  12:34  Hydralisk  
  39  12:39  Drone  
  39  12:41  Drone x3  
  39  12:43  Drone, Roach  
  32  12:47  Zergling x2  
  29  12:52  Zergling x2  
  29  12:58  Mutalisk  
  29  13:03  Drone  
  32  13:05  Mutalisk  
  33  13:13  Hydralisk  
  33  13:15  Hatchery  
  29  13:21  Roach  
  31  13:27  Hydralisk  
  33  13:38  Zergling x2  
  30  14:01  Baneling  
  4  16:19  Drone  
  4  16:20  Drone  
  5  17:11  Drone x2  
Show
View Real Time Build Order
Export as new Build Order

A.I. 4 (Elite) Zerg 

Build Orders: Pool First 

Get SALT Encoding   

  12  0:01  Drone  
  13  0:12  Overlord  
  13  0:17  Drone  
  14  0:30  Drone  
  15  0:38  Spawning Pool  
  15  0:40  Drone  
  15  0:44  Drone  
  15  0:48  Drone  
  17  0:51  Extractor  
  17  0:55  Drone  
  17  1:06  Drone  
  18  1:17  Drone  
  19  1:25  Queen  
  19  1:27  Zergling x2  
  19  1:29  Roach Warren  
  21  1:38  Overlord  
  21  1:49  Drone  
  22  1:59  Overlord  
  22  2:10  Roach  
  24  2:21  Roach  
  26  2:31  Overlord  
  26  2:32  Roach x2  
  26  2:33  Roach  
  32  2:43  Roach  
  33  2:54  Zergling x2  
  34  3:04  Roach x3  
  42  3:05  Roach  
  42  3:16  Overlord  
  42  3:27  Roach  
  44  3:35  Roach  
  44  3:36  Drone, Roach  
  44  3:38  Overlord  
  49  3:49  Roach  
  49  3:53  Extractor  
  49  4:00  Zergling x2  
  48  4:07  Lair  
  48  4:08  Drone x2, Zergling x2  
  43  4:11  Roach  
  43  4:22  Drone  
  42  4:33  Drone  
  39  4:40  Drone x3  
  38  4:57  Zergling x2  
  39  5:07  Hydralisk Den  
  39  5:08  Drone  
  39  5:12  Hatchery  
  39  5:14  Infestation Pit  
  37  5:15  Drone  
  37  5:19  Drone  
  39  5:35  Roach  
  41  5:36  Hydralisk  
  43  5:43  Hydralisk  
  45  5:50  Infestor  
  45  5:52  Hydralisk  
  49  6:02  Hydralisk  
  51  6:07  Roach  
  53  6:12  Roach  
  53  6:17  Roach, Overlord  
  57  6:25  Drone  
  57  6:26  Drone  
  57  6:27  Drone  
  57  6:31  Drone  
  61  6:34  Drone  
  62  6:41  Drone, Extractor  
  62  6:45  Infestor  
  62  6:46  Drone  
  63  6:47  Drone x2  
  63  6:49  Extractor  
  63  6:53  Drone  
  65  6:55  Hydralisk  
  67  7:04  Drone  
  67  7:06  Overlord  
  68  7:15  Drone, Overseer  
  69  7:17  Roach, Zergling x2  
  69  7:18  Zergling x4  
  74  7:23  Overseer  
  74  7:26  Zergling x2  
  74  7:28  Overlord  
  74  7:37  Zergling x2  
  74  7:39  Zergling x2  
  76  7:47  Metabolic Boost  
  76  7:48  Zergling x2  
  76  7:50  Drone, Roach x3, Evolution Chamber  
  83  7:59  Overlord  
  83  8:00  Drone  
  84  8:10  Drone  
  84  8:11  Drone  
  86  8:18  Zerg Melee Weapons Level 1  
  86  8:21  Drone, Roach x2  
  86  8:22  Roach  
  93  8:27  Hatchery  
  92  8:36  Overlord  
  92  8:39  Drone  
  83  8:43  Hydralisk  
  83  8:45  Zergling x2  
  61  8:53  Roach  
  61  8:54  Hydralisk, Zergling x2  
  56  8:57  Hydralisk  
  58  9:03  Hydralisk  
  58  9:05  Drone  
  61  9:15  Drone x2  
  63  9:25  Zergling x6  
  63  9:26  Roach  
  63  9:27  Roach  
  70  9:37  Roach x2  
  74  9:39  Drone  
  75  9:47  Drone  
  75  9:48  Drone  
  75  9:50  Infestor  
  79  9:56  Drone  
  79  9:57  Drone, Infestor, Zergling x2  
  84  10:00  Drone x2  
  86  10:09  Drone  
  86  10:11  Drone  
  86  10:12  Drone  
  89  10:19  Drone  
  90  10:21  Drone  
  90  10:22  Drone  
  90  10:28  Drone, Hydralisk, Overlord  
  92  10:30  Drone  
  92  10:33  Drone x2  
  97  10:41  Roach  
  99  10:43  Drone, Zerg Missile Weapons Level 1  
  99  10:44  Roach  
  102  10:50  Evolution Chamber  
  102  10:51  Ravager, Overlord  
  102  10:52  Ravager  
  102  10:54  Drone, Hydralisk  
  106  10:59  Hydralisk  
  106  11:01  Drone, Roach  
  106  11:02  Spire, Roach  
  112  11:05  Roach  
  112  11:06  Drone  
  115  11:13  Overlord  
  115  11:15  Hydralisk  
  115  11:16  Zerg Ground Armor Level 1  
  115  11:17  Roach  
  119  11:23  Glial Reconstitution  
  119  11:24  Pneumatized Carapace, Roach  
  119  11:25  Extractor  
  120  11:26  Roach  
  120  11:27  Drone  
  120  11:31  Hydralisk  
  120  11:32  Hydralisk  
  127  11:33  Overlord  
  127  11:35  Roach  
  127  11:37  Roach  
  127  11:39  Roach  
  133  11:43  Extractor  
  133  11:45  Drone  
  133  11:48  Hydralisk  
  133  11:51  Drone  
  127  11:56  Zergling x2  
  127  11:58  Zergling x2  
  127  12:00  Drone  
  96  12:03  Roach x2  
  96  12:04  Roach, Spine Crawler  
  96  12:06  Infestor  
  85  12:09  Roach  
  85  12:12  Roach  
  88  12:17  Zergling x2  
  88  12:20  Drone  
  88  12:22  Corruptor  
  66  12:30  Infestor  
  66  12:33  Roach  
  66  12:34  Overseer  
  66  12:35  Roach  
  66  12:36  Roach, Zergling x2  
  72  12:41  Zergling x2  
  60  12:44  Hydralisk  
  55  12:52  Roach  
  55  12:55  Hydralisk  
  59  13:02  Hydralisk  
  59  13:04  Hatchery  
  60  13:07  Zergling x6  
  60  13:12  Extractor  
  61  13:13  Zergling x2  
  61  13:17  Roach  
  60  13:28  Roach  
  45  13:39  Infestor  
  45  13:40  Drone  
  46  13:47  Drone, Hatchery  
  44  13:57  Drone  
  45  14:06  Drone  
  41  14:38  Zergling x2  
  42  14:43  Zergling x2  
  43  14:48  Drone  
  44  15:05  Drone  
  34  15:10  Zergling x2  
  31  15:18  Roach  
  33  15:26  Roach  
  35  15:31  Drone  
  36  15:36  Drone  
  36  15:40  Drone  
  37  15:45  Drone  
  38  15:51  Roach  
  38  15:56  Roach  
  42  16:02  Zergling x2  
  42  16:08  Hydralisk  
  44  16:16  Hydralisk  
  46  16:19  Drone x2  
  46  16:21  Drone  
  46  16:25  Drone  
  50  16:28  Drone  
  50  16:32  Drone  
  52  16:35  Drone  
  47  16:42  Zergling x2  
Show
View Real Time Build Order
Export as new Build Order

A.I. 5 (Hard) Terran 

Build Orders: MMM Bio 

Get SALT Encoding   

  12  0:01  SCV  
  13  0:13  SCV  
  14  0:19  Supply Depot  
  14  0:25  SCV  
  15  0:40  SCV  
  16  0:44  Barracks  
  16  0:48  Refinery  
  16  0:52  SCV  
  17  1:04  SCV  
  18  1:17  SCV  
  19  1:19  Supply Depot  
  19  1:29  SCV  
  19  1:31  Marine  
  21  1:41  Barracks  
  21  1:42  Orbital Command  
  21  1:49  Refinery  
  21  1:50  Barracks Tech Lab  
  21  2:07  Supply Depot  
  21  2:08  Marine  
  22  2:26  Marauder  
  22  2:27  Marine  
  25  2:41  Supply Depot  
  25  2:45  Marine  
  25  2:48  Marauder  
  28  2:55  SCV  
  29  3:03  Marine  
  30  3:07  SCV, Engineering Bay  
  30  3:09  Marauder  
  34  3:20  SCV  
  34  3:21  Marine  
  34  3:23  Supply Depot  
  35  3:30  Marauder  
  35  3:32  SCV  
  38  3:39  Marine  
  39  3:44  SCV  
  40  3:52  Marauder  
  42  3:56  SCV  
  43  5:09  Barracks Tech Lab  
  43  5:10  Stimpack, Terran Infantry Weapons Level 1, Reaper  
  43  5:13  Factory  
  44  5:17  Factory  
  44  5:19  Missile Turret  
  44  5:21  Missile Turret  
  44  5:27  Marauder, Concussive Shells  
  46  5:29  Supply Depot  
  46  5:41  Barracks  
  46  5:42  Marine  
  47  5:43  Bunker  
  47  5:44  Command Center  
  47  5:48  Reaper  
  46  5:59  Factory Tech Lab, Starport  
  46  6:00  Marine  
  47  6:06  Factory Tech Lab, Starport  
  47  6:10  Combat Shields  
  47  6:18  Marauder  
  49  6:20  Marine  
  50  6:35  Starport Tech Lab  
  50  6:42  Starport Tech Lab  
  50  6:55  Raven  
  50  6:57  SCV  
  50  6:59  Refinery, SCV, Raven  
  56  7:05  Terran Infantry Armor Level 1  
  56  7:09  SCV  
  56  7:11  SCV  
  56  7:12  Missile Turret  
  58  7:16  Missile Turret  
  58  7:18  Refinery  
  58  7:20  Sensor Tower  
  58  7:21  SCV  
  59  7:23  SCV  
  60  7:33  SCV  
  60  7:35  SCV  
  62  7:37  Armory  
  62  7:41  Barracks Reactor, Bunker  
  62  7:46  SCV  
  62  7:47  SCV  
  64  7:58  SCV  
  65  7:59  SCV  
  66  8:10  SCV  
  66  8:11  SCV  
  68  8:22  SCV  
  68  8:23  SCV  
  70  8:28  Supply Depot  
  70  8:34  SCV  
  70  8:36  SCV  
  72  9:11  Medivac x2  
  72  9:12  Marine  
  72  9:13  Terran Infantry Weapons Level 2  
  72  9:14  Supply Depot  
  72  9:16  Marine  
  77  9:19  Engineering Bay  
  77  9:20  Marine  
  77  9:24  Marine  
  74  9:28  Hellion  
  58  9:32  Hellion  
  58  9:35  Marauder  
  59  9:39  Marauder  
  59  9:41  Medivac, Raven  
  59  9:42  Marine  
  59  9:44  Terran Infantry Armor Level 2  
  66  9:46  Supply Depot  
  66  9:49  Hellion  
  66  9:50  Marine  
  68  9:56  Marine  
  69  10:00  Marine  
  69  10:02  Marine  
  69  10:03  Terran Vehicle Weapons Level 1  
  71  10:10  Marine, Supply Depot  
  71  10:11  Viking  
  74  10:14  Marauder  
  74  10:18  Marine  
  77  10:21  Marine  
  77  10:24  Raven  
  77  10:28  Marine  
  81  10:31  Ghost Academy  
  81  10:35  Marine x2  
  81  10:39  Marine  
  83  10:45  Marine  
  83  10:46  Fusion Core  
  84  10:53  Marine  
  84  10:54  Marauder  
  84  10:55  Armory  
  87  10:58  Marine  
  87  11:03  Marine  
  75  11:11  Marine  
  67  11:15  Marine  
  67  11:16  Marine  
  67  11:17  Raven  
  68  11:21  Marine  
  61  11:26  Medivac  
  61  11:29  Marine  
  58  11:33  Marauder  
  58  11:34  Marine  
  58  11:39  Marine  
  59  11:42  Terran Ship Weapons Level 1  
  59  11:47  Marine  
  56  11:51  Marine  
  55  11:54  Marine  
  55  11:56  Viking  
  55  11:58  Marine  
  55  12:00  Medivac  
  58  12:04  Marine  
  58  12:07  Command Center  
  56  12:09  Marine  
  56  12:12  Marine  
  58  12:16  Marine  
  58  12:22  Marine  
  56  12:26  Raven  
  56  12:27  Marine  
  52  12:30  Marine, Medivac  
  52  12:33  Marine  
  50  12:40  Marine, Hellion  
  47  12:45  Hellion  
  47  12:50  Marauder  
  43  12:58  Marauder  
  43  13:00  Raven  
  43  13:01  Hellion  
  46  13:06  Marine, Cyclone  
  46  13:11  Marauder  
  52  13:15  Marine  
  53  13:23  Hellion, Marauder  
  53  13:24  Raven  
  57  13:27  Marine  
  57  13:31  Command Center  
  57  13:32  Marine  
  59  13:36  Marine  
  60  13:44  Marine  
  60  13:45  Marine  
  62  13:50  Marine  
  62  13:54  Marine  
  64  13:58  Viking  
  66  14:07  Battlecruiser, Siege Tank  
  56  14:28  Medivac  
Tags
 
Add a new tag
Caveats
  • Supply blocks, unpowered buildings, or Contaminate may cause inaccurate times.
  • Supply counts are checked every 10 seconds.